 Dungeon Crawl Stone Soup version bcrawl-1.21.3-2-g9d8a61a446 (webtiles) character file.

Game seed: 11729211465861334834

2579 Dyss the Grappler (level 9, 0/71 HPs)
             Began as a Purple Draconian Transmuter on Apr 21, 2020.
             Slain by a troll (8 damage)
             ... on level 7 of the Dungeon on Apr 22, 2020.
             The game lasted 00:34:08 (9699 turns).

Dyss the Grappler (Purple Draconian Transmuter)     Turns: 9699, Time: 00:34:09

Health: 0/71       AC: 10    Str: 13    XL:     9   Next: 32%
Magic:  13/17      EV: 13    Int: 16    God:
Gold:   451        SH:  0    Dex: 12    Spells: 10/19 levels left

rFire    . . .     SeeInvis .     - Unarmed
rCold    . . .     Gourm    .   (shield currently unavailable)
rNeg     . . .     Faith    .   (armour unavailable)
rPois    +         Spirit   .   (helmet restricted)
rElec    .         Reflect  .   E - +0 cloak
rCorr    .         Harm     .   (gloves currently unavailable)
MR       +....                  (no boots)
Stlth    +.........             s - amulet of rage
HPRegen  0.21/turn              g - ring of poison resistance
MPRegen  0.15/turn              n - +2 ring of protection

@: blade hands (expiring)
A: breathe power, unfitting armour, cold-blooded, AC +7
a: Breathe Dispelling Energy, End Transformation, Evoke Berserk Rage


You were on level 7 of the Dungeon.
You were not hungry.
You had blades for hands.
You visited 2 branches of the dungeon, and saw 8 of its levels.
You also visited: Sewer.

You collected 644 gold pieces.
You spent 193 gold pieces at shops.

Inventory:

Hand Weapons
 x - the +0 long sword of Ohecru {holy, *Noise rPois rF+ Str+4}
   (You found it on level 4 of the Dungeon)

   It has been blessed by the Shining One to cause great damage to the undead
   and demons.
   It affects your strength (+4).
   It protects you from fire.
   It protects you from poison.
   It may make noises in combat.
Missiles
 a - 1396 arrows
Armour
 D - a +0 pair of gloves of dexterity (melded)
 E - a +0 cloak (worn)
Jewellery
 g - a ring of poison resistance (left scythe-like blade)
 n - a +2 ring of protection (right scythe-like blade)
 o - an uncursed ring of insulation
 s - an amulet of rage (around neck)
Wands
 u - a wand of polymorph (8)
 C - a wand of flame (17)
Scrolls
 f - 2 scrolls of teleportation
 m - 4 scrolls of remove curse
 p - a scroll of immolation {unknown}
 r - 2 scrolls of identify {unknown}
 t - a scroll of enchant armour {unknown}
 y - a scroll of amnesia {unknown}
 A - a scroll of fog {unknown}
 B - a scroll of vulnerability {unknown}
Potions
 b - a potion of mutation {unknown}
 c - 2 potions of lignification
 d - a potion of cancellation {unknown}
 i - a potion of curing
 j - 2 potions of agility {unknown}
 k - 2 potions of heal wounds {unknown}
 l - a potion of degeneration {unknown}
 q - 3 potions of haste {unknown}
 v - 3 potions of flight {unknown}
 w - 2 potions of might {unknown}
 z - a potion of berserk rage {unknown}
Comestibles
 e - 6 rations {!d}
 h - a chunk of flesh


   Skills:
 + Level 3.8 Fighting
 - Level 3.4 Dodging
 - Level 8.1 Unarmed Combat
 + Level 5.6 Spellcasting
 + Level 7.6 Transmutations
 + Level 2.3 Evocations


You had 10 spell levels left.
You knew the following spells:

 Your Spells              Type           Power        Failure   Level  Hunger
a - Beastly Appendage     Tmut           ####..       13%         1    None
b - Spider Form           Tmut/Pois      ###          43%         3    ##.....
c - Blade Hands           Tmut           ####......   58%         5    ######.

Your spell library contained the following spells:

 Spells                   Type           Power        Failure   Level  Hunger
 Sticks to Snakes         Tmut           ####....     14%         2    #......
 Ice Form                 Ice/Tmut       ###.....     73%         4    ####...
 Petrify                  Tmut/Erth      ###.....     73%         4    ####...
 Yara's Violent Unravell  Hex/Tmut       ###.......   73%         4    ####...
 Confuse                  Hex            #.......     82%         3    ##.....
 Dazzling Spray           Conj/Hex       #.....       82%         3    ##.....
 Metabolic Englaciation   Hex/Ice        #.........   100%        5    ######.
 Mana Rupture             Conj/Hex       #.........   100%        7    #######


Dungeon Overview and Level Annotations

Branches:
Dungeon (7/12)             Temple (1/1) D:6
   Lair: D:7-9

Altars:
Ashenzari
Dithmenos
Elyvilon
Fedhas
Gozag
Hepliaklqana
Kikubaaqudgha
Lugonu
Nemelex Xobeh
Okawaru
Qazlal
Ru
Sif Muna
Trog
Uskayaw
Vehumet
Wu Jian
Yredelemnul
Zin
The Shining One

Shops:
D:4 !   D:5 [   D:6 [


Innate Abilities, Weirdness & Mutations

You can breathe bolts of dispelling energy.
Your rich purple scales are hard. (AC +7)
You cannot fit into any form of body armour.
You are cold-blooded and may be slowed by cold attacks.


Message History

The troll completely misses you. The troll claws you but does no damage.
You slice the troll!!
The troll is heavily wounded.
The troll bites you!! The troll claws you!
The troll claws you but does no damage.
You slash the troll!
The troll is severely wounded.
Your transformation is almost over.
The troll bites you! The troll closely misses you. x2
You feel better. The troll misses you. x3
You hit the troll.
The troll is severely wounded.
The troll bites you! The troll claws you but does no damage.
The troll claws you!
* * * LOW HITPOINT WARNING * * *
Okay, then.
You feel better. The troll bites you!
* * * LOW HITPOINT WARNING * * *
The troll claws you!
You die...

## .. ### #. #. #..
##.####. #######.### #
#....... ..........#.#
#....... #.#.#.# #...###.
#####.T...# #...###.
#......@.## #.......
#.####...## ##......
##.#...# ##.#### #
##.##..#.########.#
#>#.#....##.##...##.#
#.##..##.#.###.#....# #
#.........# #...#### #
#......#)## ##.##.## #
##.#......######.#.<.####


You could see a troll.

Vanquished Creatures
  A kobold demonologist (D:6)
  A hippogriff (D:5)
  Sigmund (D:3)
  Duvessa (D:6)
  3 ice beasts
  2 orc warriors (D:6)
  2 ogres (D:4)
  3 centaurs
  A big kobold (Sewer)
  Dowan (D:6)
  A scorpion (D:5)
  A wight (D:6)
  3 crimson imps
  A bullfrog zombie (D:6)
  2 orc priests (D:6)
  A bullfrog skeleton (D:4)
  2 hounds
  Crazy Yiuf (D:3)
  3 orc wizards
  2 iguanas
  4 worker ants
  A hound skeleton (D:5)
  3 adders
  4 gnolls (D:3)
  3 river rats
  An ooze (D:6)
  8 worms
  3 dart slugs
  6 leopard geckos
  17 orcs
  3 ball pythons
  8 bats
  2 giant cockroaches
  4 goblins
  4 hobgoblins
  4 jackals
  16 kobolds
  3 quokkas
  5 frilled lizards
  A leopard gecko skeleton (D:5)
  A quokka skeleton (D:4)
  3 rats
137 creatures vanquished.

Vanquished Creatures (others)
  An orc wizard (D:6)
1 creature vanquished.

Grand Total: 138 creatures vanquished

Notes
Turn   | Place    | Note
-------+----------+-------------------------------------------
     0 | D:1      | Dyss the Draconian Transmuter began the quest for the Orb.
     0 | D:1      | Reached XP level 1. HP: 16/16 MP: 3/3
   348 | D:1      | Reached XP level 2. HP: 23/23 MP: 3/5
   836 | D:1      | Reached skill level 4 in Unarmed Combat
  1109 | D:2      | Reached XP level 3. HP: 24/28 MP: 4/6
  1900 | D:2      | Found a hide-covered altar of Uskayaw.
  2090 | D:3      | Noticed Sigmund
  2292 | D:3      | Reached XP level 4. HP: 29/35 MP: 5/7
  2344 | D:3      | Killed Sigmund
  2344 | D:3      | Reached skill level 6 in Unarmed Combat
  2344 | D:3      | Reached XP level 5. HP: 16/40 MP: 6/8
  2709 | D:3      | Found a sacrificial altar of Ru.
  2816 | D:3      | HP: 2/40 [gnoll/cursed +0 halberd (10)]
  3097 | D:2      | Learned a level 3 spell: Spider Form
  3115 | D:3      | HP: 2/40 [gnoll/+0 halberd (11)]
  3116 | D:3      | Reached XP level 6. HP: 3/47 MP: 5/9
  3558 | D:3      | Found a stormy altar of Qazlal.
  3764 | D:3      | Found a runed door.
  3962 | D:3      | Noticed Crazy Yiuf
  3971 | D:3      | Killed Crazy Yiuf
  3971 | D:3      | Reached skill level 7 in Unarmed Combat
  4168 | D:4      | Found a glowing drain.
  4190 | D:4      | Reached skill level 8 in Unarmed Combat
  4190 | D:4      | Your scales start taking on a rich purple colour.
  4190 | D:4      | Reached XP level 7. HP: 29/52 MP: 7/10
  4326 | Sewer    | Entered a sewer
  4607 | Sewer    | Found a white marble altar of Elyvilon.
  5216 | D:4      | Found Duerex's Distillery.
  5223 | D:4      | Got a faintly glowing long sword
  5247 | D:4      | Bought a potion of curing for 33 gold pieces
  5259 | D:4      | Found a shadowy altar of Dithmenos.
  5502 | D:5      | Entered Level 5 of the Dungeon
  5530 | D:5      | Found a sparkling altar of Nemelex Xobeh.
  5533 | D:5      | Found an iron altar of Okawaru.
  5546 | D:5      | Found a hazy altar of Hepliaklqana.
  5704 | D:5      | Reached skill level 5 in Transmutations
  5741 | D:5      | Found a glowing golden altar of the Shining One.
  5747 | D:5      | Found Noleg's Armour Emporium.
  6005 | D:5      | Reached XP level 8. HP: 49/59 MP: 5/11
  6263 | D:5      | Found a blossoming altar of Fedhas.
  6348 | D:6      | Noticed a kobold demonologist
  6356 | D:6      | Noticed a rust devil
  6364 | D:5      | Identified the +0 long sword of Ohecru {holy, *Noise rPois
                  | rF+ Str+4} (You found it on level 4 of the Dungeon)
  6383 | D:6      | Noticed a smoke demon
  6385 | D:6      | Killed a kobold demonologist
  6498 | D:6      | Found a staircase to the Ecumenical Temple.
  6507 | Temple   | Entered the Ecumenical Temple
  7430 | D:6      | Found Usiycaus's Armour Shop.
  7466 | D:6      | Bought a +0 pair of gloves of dexterity for 115 gold pieces
  7466 | D:6      | Bought a +0 cloak for 45 gold pieces
  7510 | D:6      | Found a shattered altar of Ashenzari.
  8072 | D:6      | Noticed a hippogriff
  8152 | D:5      | Killed a hippogriff
  8552 | D:6      | Reached XP level 9. HP: 69/71 MP: 10/14
  8665 | D:6      | Found an ornate altar of the Wu Jian Council.
  8665 | D:6      | Noticed Duvessa
  8665 | D:6      | Noticed Dowan
  8681 | D:6      | Killed Duvessa
  8693 | D:6      | Killed Dowan
  8747 | D:6      | Reached skill level 5 in Spellcasting
  8849 | D:6      | Learned a level 5 spell: Blade Hands
  8909 | D:6      | Reached skill level 1 in Evocations
  9535 | D:7      | Found a shadowy altar of Dithmenos.
  9568 | D:7      | Found a shimmering blue altar of Sif Muna.
  9568 | D:7      | Found an ancient bone altar of Kikubaaqudgha.
  9688 | D:7      | Noticed a troll
  9699 | D:7      | Slain by a troll

Skill      XL: |  1  2  3  4  5  6  7  8  9 |
---------------+----------------------------+-----
Unarmed Combat | 4 6 8 |  8.1
Transmutations | 5 7 |  7.6
Dodging        | 3 |  3.4
Fighting       | 3 |  3.8
Spellcasting   | 3 5 |  5.6
Evocations     | 2 |  2.3

Action                   |  1- 3 |  4- 6 |  7- 9 || total
-------------------------+-------+-------+-------++-------
Melee: Unarmed           |   140 |   102 |   296 ||   538
       Kick              |     9 |    10 |    18 ||    37
       Tailslap          |    18 |    15 |    12 ||    45
       Punch             |     3 |     2 |     4 ||     9
       Headbutt          |     8 |       |     4 ||    12
 Cast: Beastly Appendage |    33 |    11 |    21 ||    65
       Spider Form       |       |     2 |    17 ||    19
       Blade Hands       |       |       |     1 ||     1
 Abil: Breathe Dispellin |       |       |     2 ||     2
       Evoke Berserk Rag |       |       |     2 ||     2
       End Transformatio |       |       |     4 ||     4
  Use: Scroll            |       |       |     4 ||     4
       Potion            |       |       |     5 ||     5
 Stab: Sleeping          |     2 |       |     1 ||     3
  Eat: Chunk             |     5 |     6 |    17 ||    28
       Ration            |       |       |     2 ||     2
Armor: Skin              |    48 |    17 |    67 ||   132
Dodge: Dodged            |    76 |    70 |   205 ||   351
